 Dungeon Crawl Stone Soup version 0.23-a0-756-g517b432 (webtiles) character file.

1186 varaam the Destroyer (level 8, -3/44 HPs)
             Began as a Deep Elf Conjurer on Jan 18, 2019.
             Slain by a hippogriff (4 damage)
             ... on level 7 of the Dungeon.
             The game lasted 00:37:45 (6364 turns).

varaam the Destroyer (Deep Elf Conjurer)            Turns: 6364, Time: 00:37:46

Health: -3/44      AC:  4    Str:  6    XL:     8   Next: 19%
Magic:  9/19       EV: 14    Int: 22    God:
Gold:   257        SH:  0    Dex: 15    Spells: 2/19 levels left

rFire    + . .     SeeInvis .   k - +2 short sword (venom)
rCold    + + .     Gourm    .   (no shield)
rNeg     . . .     Faith    .   a - +0 robe
rPois    .         Spirit   .   (no helmet)
rElec    .         Reflect  .   A - scarf {rC+ rF+}
rCorr    .         Harm     .   p - +1 pair of gloves
MR       .....                  (no boots)
Stlth    ++........             (no amulet)
HPRegen  0.14/turn              W - ring of wizardry {Wiz+}
MPRegen  0.16/turn              I - ring of protection from cold

@: no status effects
A: no striking features
a: no special abilities


You were on level 7 of the Dungeon.
You were hungry.

You visited 1 branch of the dungeon, and saw 7 of its levels.

You collected 257 gold pieces.

Inventory:

Hand Weapons
 k - a +2 short sword of venom (weapon)
Missiles
 f - 8 poisoned needles
 v - 8 tomahawks
 B - 4 javelins
 Q - 121 stones (quivered)
Armour
 a - a +0 robe (worn)
 o - a scarf of cloud immunity
 p - a +1 pair of gloves (worn)
 A - a scarf of resistance (worn)
Jewellery
 I - a ring of protection from cold (right hand)
 W - a ring of wizardry (left hand) {Wiz+}
Wands
 j - a wand of polymorph (3)
 s - a wand of iceblast (9)
Scrolls
 b - a scroll of fear {unknown}
 d - a scroll of enchant weapon
 e - 2 scrolls of random uselessness
 h - a scroll of immolation {!r}
 i - a scroll of fog {unknown}
 q - a scroll of blinking {unknown}
 r - a scroll of magic mapping {unknown}
 t - 2 scrolls of teleportation
 w - a scroll of remove curse
 x - a scroll of summoning {unknown}
 y - a scroll of amnesia {unknown}
 z - a scroll of noise {unknown}
Potions
 g - 2 potions of berserk rage {unknown}
 l - a potion of heal wounds {unknown}
 m - a potion of flight {unknown}
 n - a potion of curing
 u - a potion of might
 D - a potion of agility
Comestibles
 c - 3 rations


   Skills:
 + Level 2.0 Fighting
 + Level 4.1 Dodging
 - Level 2.4 Stealth
 - Level 6.0 Spellcasting
 * Level 9.0 Conjurations
 + Level 4.3 Hexes


You had 2 spell levels left.
You knew the following spells:

 Your Spells              Type           Power        Failure   Level  Hunger
a - Magic Dart            Conj           ####         1%          1    None
b - Searing Ray           Conj           #####.       1%          2    None
c - Dazzling Spray        Conj/Hex       #####.       1%          3    #......
d - Fulminant Prism       Conj/Hex       #####.....   2%          4    ###....
e - Blink                 Tloc           N/A          6%          2    None
s - Swiftness             Chrm/Air       #.......     6%          2    None
x - Mephitic Cloud        Conj/Pois/Air  ###.....     3%          3    #......

Your spell library contained the following spells:

 Spells                   Type           Power        Failure   Level  Hunger
 Shock                    Conj/Air       ####         1%          1    None
 Slow                     Hex            ####....     1%          2    None
 Call Imp                 Summ           #.......     6%          2    None
 Conjure Flame            Conj/Fire      ####....     1%          3    #......
 Static Discharge         Conj/Air       ####....     1%          3    #......
 Iskenderun's Mystic Bla  Conj           #####...     1%          4    ###....
 Force Lance              Conj/Tloc      ####....     6%          4    ###....
 Lightning Bolt           Conj/Air       ####......   16%         5    #####..
 Airstrike                Air            #.........   32%         4    ###....


Dungeon Overview and Level Annotations

Branches:
Dungeon (7/15)
 Temple: D:4-7

Altars:
Hepliaklqana

Annotations:
D:5 3 runed doors, darkdagon605's ghost, novice TrMo


Message History

You continue taking off your scarf of resistance.
The hippogriff barely misses you. The hippogriff pecks you.
The hippogriff claws you.
* * * LOW HITPOINT WARNING * * *
You continue taking off your scarf of resistance.
The hippogriff is no longer blind.
The hippogriff bites you.
* * * LOW HITPOINT WARNING * * *
The hippogriff pecks you.
* * * LOW HITPOINT WARNING * * *
The hippogriff barely misses you.
You continue taking off your scarf of resistance.
The hippogriff bites you.
* * * LOW HITPOINT WARNING * * *
The hippogriff closely misses you. The hippogriff claws you.
* * * LOW HITPOINT WARNING * * *
You continue taking off your scarf of resistance.
The hippogriff bites you.
* * * LOW HITPOINT WARNING * * *
The hippogriff closely misses you. The hippogriff claws you.
You die...

# ...####
.......
......###
#.##...###
#.o....(.###.##
#.............
###.H†#####...
#.@.# #..<#
###.# ##. ##


You could see a hippogriff and an orc.

Vault maps used:
D:1:      elethiomel_arrival_quiet
D:2:      lemuel_crystal_altar, chequers_ecumenical_altar_twisty
D:3:      first_ration, uniq_ijyb
D:5:      gammafunk_ghost_icy, minivault_14, sword_in_stone
D:7:      cheibrodos_shockbox, minmay_overflow_temple_star_quad,
          temple_fountains, ebering_ghost_reflecting_pool

Notes
Turn   | Place    | Note
-------+----------+-------------------------------------------
     0 | D:1      | varaam the Deep Elf Conjurer began the quest for the Orb.
     0 | D:1      | Reached XP level 1. HP: 10/10 MP: 6/6
   155 | D:1      | Identified a +0 club
   197 | D:1      | Identified a +0 club
   199 | D:1      | Reached XP level 2. HP: 15/15 MP: 5/8
   253 | D:1      | Identified a ring of wizardry (You found it on level 1 of
                  | the Dungeon)
   413 | D:1      | Identified a +0 mace (You found it on level 1 of the
                  | Dungeon)
   468 | D:1      | Learned a level 2 spell: Searing Ray
   605 | D:1      | Identified a +0 dagger
   636 | D:1      | Identified a +0 club
   637 | D:1      | Reached skill level 5 in Conjurations
   768 | D:2      | Identified a +0 club
   850 | D:2      | Reached XP level 3. HP: 19/19 MP: 2/10
   952 | D:2      | Identified a +0 club
   975 | D:3      | Identified a +0 club
   975 | D:3      | Identified a cursed +0 scale mail
  1298 | D:2      | Found a faded altar of an unknown god.
  1333 | D:2      | Identified a +0 short sword
  1356 | D:2      | Found a hazy altar of Hepliaklqana.
  1360 | D:2      | Identified a +0 club
  1426 | D:2      | Reached skill level 4 in Spellcasting
  1517 | D:2      | Identified a +0 short sword
  1606 | D:2      | Reached XP level 4. HP: 24/24 MP: 9/12
  1726 | D:3      | Identified a +0 dagger
  1726 | D:3      | Identified a +0 leather armour
  1726 | D:3      | Noticed Ijyb
  1789 | D:2      | Identified a potion of might
  1790 | D:2      | Identified a potion of curing
  1794 | D:2      | Killed Ijyb
  1794 | D:2      | Reached skill level 6 in Conjurations
  1939 | D:3      | Learned a level 3 spell: Dazzling Spray
  2312 | D:3      | Identified a cursed -1 hand axe
  2442 | D:4      | Reached XP level 5. HP: 23/28 MP: 3/13
  2830 | D:4      | Identified a scarf of cloud immunity (You found it on level
                  | 4 of the Dungeon)
  2835 | D:4      | Identified a +1 pair of gloves (You found it on level 2 of
                  | the Dungeon)
  2865 | D:4      | Identified 4 scrolls of identify
  2865 | D:4      | Identified a cursed -1 short sword (You found it on level 1
                  | of the Dungeon)
  2866 | D:4      | Identified a cursed -1 short sword (You found it on level 2
                  | of the Dungeon)
  2869 | D:4      | Identified a ring of protection from cold (You found it on
                  | level 3 of the Dungeon)
  3028 | D:4      | Identified a +0 flail
  3036 | D:4      | Identified a +0 club
  3040 | D:4      | Reached skill level 5 in Spellcasting
  3146 | D:4      | Reached skill level 7 in Conjurations
  3551 | D:4      | Learned a level 4 spell: Fulminant Prism
  3637 | D:5      | Entered Level 5 of the Dungeon
  3677 | D:5      | Reached skill level 1 in Hexes
  3677 | D:5      | Reached XP level 6. HP: 19/32 MP: 2/16
  3905 | D:5      | Learned a level 2 spell: Swiftness
  4012 | D:5      | Found a runed gate.
  4013 | D:5      | Found a runed gate.
  4014 | D:5      | Found a runed gate.
  4023 | D:5      | Identified a +0 shortbow
  4046 | D:5      | Noticed an ice beast
  4060 | D:5      | Noticed darkdagon605's ghost (novice TrMo)
  4062 | D:5      | Noticed an ice beast
  4082 | D:5      | HP: 8/32 [centaur/arrow (10)]
  4090 | D:5      | Reached skill level 2 in Hexes
  4348 | D:5      | Identified a +0 trident
  4348 | D:5      | Identified a +0 chain mail
  4348 | D:5      | Identified a +0 shield
  4348 | D:5      | Identified a +0 great sword
  4348 | D:5      | Identified a +0 chain mail
  4348 | D:5      | Noticed an orc warrior
  4354 | D:5      | Identified a +0 great sword
  4354 | D:5      | Identified a +0 plate armour
  4354 | D:5      | Noticed an orc warrior
  4380 | D:5      | Identified a +0 great sword
  4380 | D:5      | Identified a +0 plate armour
  4380 | D:5      | Noticed an orc warrior
  4465 | D:5      | Reached skill level 6 in Spellcasting
  4627 | D:5      | Identified a +0 trident
  4627 | D:5      | Identified a +3 scale mail
  4627 | D:5      | Identified a cursed +0 shield
  4637 | D:5      | Reached XP level 7. HP: 22/36 MP: 4/18
  4644 | D:5      | HP: 7/36 [orc warrior/+0 great sword (8)]
  4688 | D:5      | Reached skill level 8 in Conjurations
  4688 | D:5      | Reached skill level 3 in Hexes
  4957 | D:5      | HP: 9/37 [orc warrior/+0 great sword (8)]
  4961 | D:5      | Reached skill level 1 in Fighting
  4961 | D:5      | Reached skill level 3 in Dodging
  5297 | D:5      | Learned a level 3 spell: Mephitic Cloud
  5300 | D:5      | Learned a level 2 spell: Blink
  5319 | D:5      | Identified a scarf of resistance (You found it on level 5
                  | of the Dungeon)
  5776 | D:6      | Identified a +0 giant club
  5784 | D:6      | Reached skill level 4 in Hexes
  5784 | D:6      | Reached XP level 8. HP: 44/44 MP: 10/19
  5839 | D:6      | Identified an amulet of inaccuracy (You found it on level 6
                  | of the Dungeon)
  5840 | D:6      | Identified 2 scrolls of enchant weapon
  5841 | D:6      | Identified a +2 short sword of venom (You found it on level
                  | 4 of the Dungeon)
  5844 | D:6      | Identified 2 scrolls of random uselessness
  5845 | D:6      | Identified 2 scrolls of teleportation
  5849 | D:6      | Identified 2 scrolls of immolation
  5956 | D:6      | Identified a +0 leather armour
  5961 | D:6      | Identified a +0 mace of holy wrath
  5961 | D:6      | Identified a +0 hand axe
  5961 | D:6      | Identified a +0 scale mail
  6321 | D:6      | Identified 2 scrolls of remove curse
  6353 | D:7      | Reached skill level 2 in Fighting
  6353 | D:7      | Reached skill level 4 in Dodging
  6353 | D:7      | Reached skill level 9 in Conjurations
  6355 | D:7      | Noticed a hippogriff
  6362 | D:7      | HP: 10/44 [hippogriff (5)]
  6363 | D:7      | HP: 4/44 [hippogriff (6)]
  6364 | D:7      | HP: 1/44 [hippogriff (2)]
  6364 | D:7      | Slain by a hippogriff

Table legend:
 A = Turns spent in this place as a percentage of turns spent in the entire game.
 B = Non-inter-level travel turns spent in this place as a percentage of non-inter-level travel turns spent in the entire game.
 C = Inter-level travel turns spent in this place as a percentage of turns spent in this place.
 D = Turns resting spent in this place as a percentage of non-inter-level travel turns spent in this place.
 E = Turns spent auto-exploring this place as a percentage of non-inter-level travel turns spent in this place.
 F = Non-inter-level travel turns spent in this place divided by the number of levels of this place that you've seen.
                   A       B       C       D       E      F
               +-------+-------+-------+-------+-------+----------------------
         Total | 100.0 | 100.0 |   5.1 |  19.0 |  48.0 | 863.1
       Dungeon | 100.0 | 100.0 |   5.1 |  19.0 |  48.0 | 863.1
               +-------+-------+-------+-------+-------+----------------------

Table legend:
 A = Kills in this place as a percentage of kills in entire the game.
 B = Kills by you in this place as a percentage of kills by you in the entire game.
 C = Kills by friends in this place as a percentage of kills by friends in the entire game.
 D = Other kills in this place as a percentage of other kills in the entire game.
 E = Experience gained in this place as a percentage of experience gained in the entire game.
 F = Experience gained in this place divided by the number of levels of this place that you have seen.
                   A       B       C       D       E      F
               +-------+-------+-------+-------+-------+----------------------
         Total | 100.0 | 100.0 |   N/A |   N/A | 100.0 | 242.1
       Dungeon | 100.0 | 100.0 |   N/A |   N/A | 100.0 | 242.1
               +-------+-------+-------+-------+-------+----------------------

Skill      XL: |  1  2  3  4  5  6  7  8 |
---------------+-------------------------+-----
Conjurations   | 5 6 7 8 9 |  9.0
Spellcasting   | 4 5 6 |  6.0
Hexes          | 1 2 4 |  4.3
Fighting       | 1 2 |  2.0
Dodging        | 3 4 |  4.1
Stealth        | |  2.4

Action                   |  1- 3 |  4- 6 |  7- 9 || total
-------------------------+-------+-------+-------++-------
Melee: Mace              |       |     9 |       ||     9
 Cast: Magic Dart        |    64 |    56 |    21 ||   141
       Searing Ray       |     2 |    12 |     3 ||    17
       Dazzling Spray    |       |     9 |    22 ||    31
       Fulminant Prism   |       |     5 |    13 ||    18
  Use: Potion            |       |     2 |       ||     2
       Scroll            |       |     3 |     6 ||     9
  Eat: Chunk             |     2 |     5 |     5 ||    12
       Ration            |       |     2 |       ||     2
Armor: Robe              |       |     9 |     1 ||    10
Dodge: Dodged            |     7 |    36 |    14 ||    57

Vanquished Creatures
  3 orc warriors (D:5)
  A sky beast (D:7)
  An ogre (D:6)
  A centaur (D:5)
  A bullfrog (D:5)
  2 gnoll sergeants (D:5)
  A bullfrog zombie (D:5)
  2 howler monkeys
  A centaur zombie (D:5)
  2 hounds (D:4)
  A bullfrog skeleton (D:5)
  Ijyb (D:2)
  3 worker ants
  A hound skeleton (D:6)
  6 adders
  An adder skeleton (D:6)
  A worm (D:2)
  A dart slug (D:1)
  A leopard gecko (D:2)
  7 orcs
  3 giant cockroaches
  5 goblins
  5 hobgoblins
  2 jackals (D:2)
  6 kobolds
  2 quokkas
  14 bats
  9 rats
84 creatures vanquished.

Vanquished Creatures (others)
  18 fulminant prisms
18 creatures vanquished.

Grand Total: 102 creatures vanquished
